Map: Lightshade LE

Players

Osiris

  • Race: Terran Terran
  • League: Diamond
  • Spawn Location: 11:00

WiLLiAMS - Winner!

  • Race: Protoss Protoss
  • League: Diamond
  • Spawn Location: 5:00

VOD

Have the link to the VOD?

Description

Time

  • Played on: Feb. 23, 2021, 9:08 p.m.
  • Length: 12:20
Show
View Real Time Build Order
Export as new Build Order

Osiris Terran 

Build Orders:  

Get SALT Encoding   

  12  0:00  SCV  
  13  0:12  SCV  
  14  0:18  Supply Depot  
  14  0:24  SCV  
  15  0:40  SCV  
  15  0:41  Barracks  
  16  0:46  Refinery  
  16  0:52  SCV  
  18  1:04  SCV  
  18  1:17  SCV  
  19  1:30  Marine  
  19  1:31  Orbital Command  
  20  1:48  Command Center  
  20  1:54  Barracks Reactor  
  20  1:57  SCV  
  21  2:05  Supply Depot  
  21  2:10  SCV  
  22  2:22  SCV  
  23  2:30  Marine  
  23  2:31  Marine  
  23  2:35  Command Center  
  26  2:37  SCV  
  26  2:49  SCV  
  26  2:50  Barracks  
  27  2:55  Bunker  
  27  2:57  Marine  
  28  2:58  Marine  
  28  3:01  SCV  
  30  3:06  Orbital Command  
  30  3:15  Marine  
  30  3:16  Marine  
  30  3:33  SCV x2  
  31  3:36  Marine x2  
  31  3:37  Barracks Tech Lab  
  31  3:40  Engineering Bay  
  31  3:41  Refinery  
  33  3:45  SCV  
  34  3:50  Orbital Command  
  34  3:52  SCV  
  34  3:54  Marine  
  34  3:55  Marine  
  37  3:57  SCV  
  37  3:59  Stimpack  
  37  4:02  Marauder  
  40  4:04  SCV  
  41  4:13  Terran Infantry Armor Level 1  
  41  4:14  SCV  
  41  4:15  Marine x2  
  41  4:16  SCV  
  45  4:18  SCV  
  46  4:24  Marine  
  46  4:26  SCV  
  46  4:29  SCV  
  49  4:32  SCV  
  49  4:34  Barracks  
  49  4:35  Marine x2  
  52  4:40  Refinery, Factory  
  51  4:45  SCV  
  51  4:46  SCV  
  51  4:50  Missile Turret  
  51  4:51  Missile Turret  
  51  4:52  SCV  
  54  4:57  Supply Depot  
  54  4:59  Marine  
  55  5:00  Marine  
  55  5:02  Marine  
  57  5:10  SCV  
  57  5:11  Supply Depot  
  57  5:12  SCV  
  57  5:13  SCV  
  60  5:17  Marine  
  61  5:23  Marine x2  
  61  5:26  Supply Depot, Barracks Tech Lab  
  63  5:30  Starport  
  63  5:31  Factory Reactor  
  63  5:32  SCV  
  63  5:33  SCV  
  63  5:35  SCV  
  66  5:42  Supply Depot  
  66  5:44  SCV  
  66  5:45  SCV  
  68  5:50  Marine x3  
  68  5:51  Marine  
  68  5:53  Supply Depot  
  72  5:58  Combat Shield  
  72  6:05  SCV  
  72  6:08  Terran Infantry Weapons Level 1  
  72  6:09  Marine  
  72  6:10  Marine x2  
  76  6:14  SCV  
  76  6:15  SCV  
  76  6:18  Refinery, Barracks, Marine  
  78  6:19  Medivac x2  
  78  6:20  Barracks  
  78  6:21  Factory Reactor  
  78  6:23  SCV  
  81  6:35  Marine x2  
  81  6:36  SCV, Marauder  
  81  6:37  SCV x2  
  77  6:55  Marine x2, Marauder  
  77  6:58  Marauder  
  77  6:59  Medivac x2  
  77  7:00  Widow Mine x2  
  82  7:09  SCV  
  82  7:10  SCV  
  84  7:16  Barracks Reactor, Barracks Tech Lab  
  84  7:17  Marine x2  
  84  7:18  Marauder  
  84  7:19  SCV  
  89  7:23  Bunker, Marauder  
  89  7:24  Widow Mine x2, Bunker  
  95  7:30  Engineering Bay, SCV  
  95  7:31  Armory, Supply Depot  
  95  7:34  Supply Depot  
  96  7:38  Marine x2, Marauder  
  96  7:40  SCV  
  101  8:03  Viking x2  
  101  8:04  Widow Mine  
  101  8:05  Widow Mine, Marauder x3  
  96  8:26  SCV x2, Marauder x2  
  102  8:31  SCV  
  102  8:33  Terran Infantry Weapons Level 2  
  103  8:38  SCV  
  105  8:44  Marauder, Orbital Command  
  105  8:48  Marauder x2  
  110  8:53  Viking x2  
  110  8:54  Marine x3  
  117  9:04  SCV x2  
  119  9:10  Refinery, SCV  
  120  9:18  SCV x2  
  120  9:22  SCV  
  120  9:23  Marauder  
  120  9:24  Supply Depot  
  125  9:25  Supply Depot  
  125  9:33  Terran Infantry Armor Level 2  
  125  9:34  Viking x2, Marine x2  
  125  9:35  Marauder  
  125  9:36  Terran Ship Weapons Level 1  
  133  9:41  Supply Depot  
  133  9:42  Supply Depot  
  133  9:45  SCV x3, Marine x2, Marauder  
  140  9:51  Supply Depot  
  140  9:54  Supply Depot  
  140  9:57  SCV x2  
  142  10:04  Marine x2, Marauder  
  142  10:05  Marine, Marauder  
  142  10:06  Viking x2  
  153  10:08  Marine  
  153  10:09  Marauder  
  153  10:10  SCV x3  
  159  10:21  Supply Depot  
  159  10:22  SCV, Supply Depot  
  159  10:26  Marauder x2  
  142  10:36  Marine x4, Marauder  
  133  10:47  Marauder x2  
  115  10:54  Viking x2, Marine x2  
  105  10:57  Marine, Marauder  
  105  10:58  Marine  
  109  11:09  Marauder x2  
  113  11:17  Barracks  
  113  11:19  Barracks, Marauder  
  113  11:20  Marine  
  113  11:21  Marine x3  
  113  11:22  Barracks  
  119  11:26  Viking x2  
  119  11:27  SCV x2  
  119  11:30  Marine, Marauder  
  128  11:38  Marine x2  
  130  11:40  Marauder  
  132  11:48  Marauder  
  132  11:51  Marauder  
  132  11:57  Marine  
  132  11:58  Marine x2  
Show
View Real Time Build Order
Export as new Build Order

WiLLiAMS Protoss - Winner!

Build Orders: 1 Gate Expand, Phoenix Opening, Colossus Rush 

Get SALT Encoding   

  12  0:01  Probe  
  13  0:13  Probe  
  14  0:18  Pylon  
  14  0:25  Probe  
  15  0:37  Probe (Chrono Boost)  
  15  0:41  Gateway  
  16  0:46  Probe (Chrono Boost)  
  16  0:48  Assimilator  
  17  0:51  Probe  
  18  1:03  Probe  
  19  1:15  Probe  
  20  1:28  Nexus  
  20  1:36  Cybernetics Core  
  20  1:38  Probe  
  21  1:45  Assimilator  
  21  1:50  Pylon  
  20  1:55  Zealot (Chrono Boost)  
  20  2:00  Probe  
  23  2:12  Probe  
  23  2:14  Stalker  
  24  2:16  Warp Gate  
  24  2:22  Shield Battery  
  26  2:29  Probe  
  27  2:40  Probe (Chrono Boost)  
  29  2:45  Stargate  
  29  2:47  Probe (Chrono Boost)  
  29  2:50  Probe (Chrono Boost)  
  30  2:53  Pylon  
  30  2:55  Probe (Chrono Boost)  
  31  2:59  Probe  
  32  3:07  Probe  
  32  3:11  Probe  
  34  3:14  Assimilator  
  34  3:18  Assimilator  
  34  3:19  Probe  
  35  3:23  Probe  
  34  3:31  Probe  
  34  3:34  Phoenix (Chrono Boost)  
  35  3:35  Probe  
  38  3:43  Probe (Chrono Boost)  
  38  3:46  Shield Battery  
  40  3:48  Probe (Chrono Boost)  
  40  3:50  Phoenix  
  40  3:55  Probe (Chrono Boost)  
  43  3:59  Robotics Facility  
  43  4:00  Probe (Chrono Boost)  
  45  4:03  Probe (Chrono Boost)  
  45  4:05  Probe (Chrono Boost)  
  46  4:10  Gateway, Probe  
  46  4:14  Probe  
  46  4:16  Void Ray (Chrono Boost)  
  48  4:23  Probe  
  49  4:26  Probe  
  54  4:50  Robotics Bay  
  54  4:54  Pylon  
  54  4:55  Pylon  
  54  4:56  Pylon  
  54  4:58  Pylon  
  54  4:59  Gateway  
  54  5:02  Gateway  
  54  5:10  Immortal (Chrono Boost)  
  54  5:12  Probe  
  59  5:15  Phoenix  
  59  5:17  Sentry x2  
  65  5:26  Probe, Pylon  
  65  5:28  Shield Battery  
  66  5:38  Extended Thermal Lance  
  66  5:39  Colossus (Chrono Boost)  
  72  5:50  Forge  
  72  5:53  Pylon  
  72  6:05  Nexus  
  72  6:06  Probe, Pylon  
  73  6:12  Adept x2  
  73  6:13  Adept  
  73  6:17  Adept  
  81  6:18  Probe  
  82  6:26  Probe, Observer  
  82  6:27  Phoenix  
  86  6:35  Probe  
  87  6:46  Colossus  
  87  6:47  Nexus  
  87  6:48  Pylon  
  93  7:08  Probe  
  92  7:13  Probe  
  93  7:16  Forge  
  93  7:23  Gateway, Probe, Nexus  
  93  7:26  Photon Cannon  
  93  7:29  Pylon  
  94  7:30  Pylon  
  94  7:32  Assimilator  
  94  7:33  Probe  
  94  7:34  Shield Battery  
  94  7:35  Probe  
  96  7:42  Adept x3  
  102  7:45  Probe  
  103  7:52  Observer  
  84  8:21  Colossus (Chrono Boost)  
  84  8:22  Adept x4  
  84  8:23  Adept  
  84  8:26  Twilight Council  
  98  8:27  Gateway  
  98  8:29  Probe  
  98  8:30  Probe  
  98  8:31  Gateway  
  98  8:33  Gateway, Probe  
  101  8:35  Photon Cannon  
  101  8:38  Photon Cannon  
  101  8:42  Probe  
  101  8:46  Pylon, Photon Cannon  
  102  8:55  Probe  
  103  8:58  Fleet Beacon  
  103  8:59  Photon Cannon  
  103  9:01  Pylon  
  103  9:09  Adept  
  105  9:11  Colossus (Chrono Boost)  
  105  9:13  Adept, Observer  
  105  9:14  Adept  
  105  9:15  Sentry x2  
  119  9:21  Observer  
  119  9:22  Shield Battery  
  119  9:25  Shield Battery, Photon Cannon  
  119  9:30  Adept x3  
  125  9:31  Sentry  
  127  9:46  Photon Cannon  
  127  9:48  Shield Battery, Pylon  
  127  9:49  Colossus (Chrono Boost)  
  133  9:55  Adept x3  
  139  10:03  Phoenix  
  141  10:07  Protoss Ground Weapons Level 1 (Chrono Boost)  
  141  10:17  Probe, Resonating Glaives (Chrono Boost)  
  138  10:28  Phoenix  
  138  10:31  Colossus  
  130  10:37  Adept x6  
  130  10:38  Adept  
  132  10:45  Adept  
  126  10:53  Phoenix  
  126  10:54  Anion Pulse-Crystals (Chrono Boost)  
  126  10:59  Adept x3  
  126  11:00  Probe  
  126  11:01  Probe  
  134  11:10  Stargate  
  134  11:14  Assimilator  
  134  11:17  Probe  
  135  11:18  Phoenix  
  135  11:19  Assimilator  
  135  11:20  Probe  
  135  11:22  Shield Battery  
  135  11:23  Pylon  
  138  11:34  Adept x7  
  152  11:43  Phoenix  
  152  11:54  Stalker  
  152  11:55  Stalker x4  
  152  11:56  Stalker x3  
Tags
 
Add a new tag
Caveats
  • Supply blocks, unpowered buildings, or Contaminate may cause inaccurate times.
  • Supply counts are checked every 10 seconds.